Cogmind - Beta 17.1 @@@ ROGUE MODE // 2026.08.30 @ 20:55:47 Player: UnderDoug Result: Destroyed by G-34 Mercenary with Small Laser Performance ------------- Evolutions (0) 0 Regions Visited (2) 400 Robots Destroyed (31) 155 Value Destroyed (834) 834 Prototype IDs (1) 20 Alien Tech Used (0) 0 Bonus (5242) 5242 TOTAL SCORE: 6651 Bonus ------- Prayed to X0-1V1 5000 Major X0-1V1 Interference 300 Friendly Fire -58 Cogmind --------- Core Integrity 0/150 Matter 294/300 Energy 400/400 System Corruption 0% Temperature Cool (32) Movement Rolling (110) Location -10/Subcaves Parts ------- > --- POWER (1) -------- Subdweller Power Source > --- PROPULSION (2) --- Subdweller Monowheel Subdweller Monowheel > --- UTILITY (2) ------ Subdweller Optics X0-1V1's Piety Tracker > --- WEAPON (2) ------- Subdweller Beam Cannon Subdweller Machine Gun > --- INVENTORY (5) ---- Subdweller Monowheel Subdweller Monowheel Subdweller Optics Makeshift Light Armor Plating Makeshift Light Armor Plating Peak State ------------ > --- POWER ------------ Subdweller Power Source > --- PROPULSION ------- Subdweller Monowheel Subdweller Monowheel > --- UTILITY ---------- Subdweller Optics X0-1V1's Piety Tracker > --- WEAPON ----------- Subdweller Beam Cannon Subdweller Machine Gun > --- INVENTORY -------- Subdweller Monowheel Subdweller Optics Makeshift Light Armor Plating Makeshift Light Armor Plating [Rating: 26] Favorites ----------- Power Ion Engine Engine Ion Engine Propulsion Compact Wheel Wheel Compact Wheel Utility X0-1V1's Piety Tracker Device X0-1V1's Piety Tracker Storage Small Storage Unit Processor Targeting Computer Protection Light Armor Plating Weapon Assault Rifle Energy Cannon Subdweller Beam Cannon Ballistic Gun Assault Rifle Launcher Grenade Launcher Build | -11 -10 -10 ------- Run | Yrd Mat Sub Slots Evolved . | . . . Power . | . . . Propulsion . | . . . Utility . | . . . Weapon . | . . . Parts Attached 26 | 7 8 11 Power 6 | 2 1 3 Engine 6 | 2 1 3 Core . | . . . Reactor . | . . . Propulsion 7 | 2 2 3 Treads . | . . . Leg . | . . . Wheel 7 | 2 2 3 Hover . | . . . Flight . | . . . Utility 7 | 1 4 2 Device 3 | . 2 1 Storage 1 | 1 . . Processor 2 | . 2 . Hackware . | . . . Protection 1 | . . 1 Artifact . | . . . Weapon 6 | 2 1 3 Energy Gun . | . . . Energy Cannon 2 | . . 2 Ballistic Gun 3 | 2 . 1 Ballistic Cannon . | . . . Launcher 1 | . 1 . Special Weapon . | . . . Impact Weapon . | . . . Slashing Weapon . | . . . Piercing Weapon . | . . . Special Melee Weapon . | . . . Unidentified Prototypes 1 | . 1 . Parts Lost 8 | . . 8 Power 3 | . . 3 Propulsion 2 | . . 2 Utility 2 | . . 2 Weapon 1 | . . 1 Highest Loss Streak 3 | . . 3 To Critical Strikes . | . . . Average Backups 5 | 2 6 4 Power . | . 1 . Propulsion 2 | 1 3 1 Utility 1 | . . 2 Weapon . | . 1 . Tool/Special . | . . . Unused Backups 14 | . 9 5 Power 1 | . 1 . Propulsion 8 | . 6 2 Utility 3 | . . 3 Weapon 1 | . 1 . Tool/Special 1 | . 1 . Average Slot Usage (%) 97 | . 98 96 Engine 13 | . 14 13 Wheel 27 | . 28 27 Device 16 | . 12 19 Storage 4 | . 9 . Processor 2 | . 4 . Protection 3 | . . 6 Energy Cannon 8 | . . 16 Ballistic Gun 11 | . 15 8 Launcher 7 | . 12 2 Peak Build Rating 26 | 6 19 26 Average Rating 14 | 5 6 22 On Entrance 8 | . 6 19 Avg Prop Armor Cover (%) 4 | . . 4 Naked Turns . | . . . Heaviest Build 23 | 14 16 23 Greatest Support 40 | 26 32 40 Greatest Overweight (x) 1 | . . 1 Average Overweight (x) . | . . . Largest Inventory Capacity 8 | 8 8 5 Average Capacity 5 | 6 6 5 Most Carried 8 | 6 8 5 Average Carried 5 | 2 6 4 Final Capacity 8 | 8 5 5 Final Carried 6 | 6 4 5 Class Distribution -------------------- 79% | Mutant 20% | Scavenger-Mutant Dominant Class ---------------- Mutant | -10/Materials Mutant | -10/Subcaves Resources | -11 -10 -10 ----------- Run | Yrd Mat Sub Matter Collected 748 | 224 298 226 Remotely . | . . . Salvage Created 878 | . 404 474 Parts 76 | . 36 40 Haulers Intercepted . | . . . Recyclers Shooed . | . . . Parts Field Recycled . | . . . Retrieved Matter . | . . . Parts Self-Destructed 19 | . . 19 Prevented . | . . . Parts Restored . | . . . Kills | -11 -10 -10 ------- Run | Yrd Mat Sub Combat Hostiles Destroyed 26 | . 12 14 Guns 9 | . 5 4 Cannons 9 | . . 9 AOE 8 | . 7 1 Classes Destroyed 8 | . 5 3 Builder 1 | . 1 . Recycler 1 | . 1 . Watcher 3 | . 3 . Swarmer 8 | . 3 5 Grunt 11 | . 9 2 Sentry 1 | . . 1 Subdweller 6 | . . 6 Scientist 1 | . . 1 Best Kill Streak 7 | . 7 4 Combat Bots Only 4 | . 3 4 Max Kills in Single Turn 3 | . 3 1 Gunslinging . | . . . Exploded 2 | . 2 1 Melee . | . . . Uniques/NPCs Destroyed . | . . . Combat | -11 -10 -10 -------- Run | Yrd Mat Sub Hostile Shots Fired 104 | . 23 81 Missed 34 | . 8 26 Hits 70 | . 15 55 Projectile 70 | . 15 55 Damage Taken 1098 | . 263 835 Core 255 | . 34 221 Absorbed by Shields . | . . . Regen/Repaired (Parts) 37 | . 37 . Core Remaining (%) 100 | 100 . . Volleys Fired 59 | 1 19 39 Largest 2 | 2 2 2 Hottest 160 | 40 50 160 Shots Fired 97 | 2 33 62 Gun 49 | 2 22 25 Cannon 35 | . . 35 Launcher 13 | . 11 2 Special . | . . . Kinetic 49 | 2 22 25 Thermal 35 | . . 35 Explosive 13 | . 11 2 Electromagnetic . | . . . Robot Hit Streak 10 | . 4 10 Robot Miss Streak 2 | . 2 2 Penetration Max . | . . . Secondary Targets . | . . . Shots Hit Robots 58 | . 19 39 Core Hits 46 | . 28 18 Critical Kills . | . . . Critical Parts Destroyed . | . . . Critical Strikes . | . . . Melee Attacks . | . . . Impact . | . . . Slashing . | . . . Piercing . | . . . Sneak Attacks . | . . . Combat Hostiles . | . . . Follow-up Attacks . | . . . Damage Inflicted 1683 | . 778 905 Guns 378 | . 153 225 Cannons 560 | . . 560 Explosions 745 | . 625 120 Melee . | . . . Ramming . | . . . Kinetic 378 | . 153 225 Thermal 560 | . . 560 Explosive 745 | . 625 120 Electromagnetic . | . . . Impact . | . . . Slashing . | . . . Piercing . | . . . Highest Corruption . | . . . Average Corruption . | . . . Corruption Purged . | . . . Corruption Blocked . | . . . Overload Shots . | . . . Overflow Damage 7 | . 7 . Projectiles . | . . . Explosions 7 | . 7 . Melee . | . . . Knockbacks . | . . . Impact . | . . . Kinetic . | . . . Secondary . | . . . Self-Inflicted Damage 13 | . 13 . Shots 1 | . 1 . Rammed . | . . . Targets Rammed . | . . . Kicked . | . . . Crushed . | . . . Highest Temperature 273 | . 17 273 Average Temperature 75 | . 6 84 Received Heat Transfer 228 | . 90 138 Siege Activations . | . . . Martial Activations . | . . . Shielding Activations . | . . . Robots Disrupted . | . . . Combat Hostiles . | . . . Robots Corrupted . | . . . Combat Hostiles . | . . . Parts Fried . | . . . Impact Corruptions . | . . . Robots Melted . | . . . Combat Hostiles . | . . . Parts Melted 1 | . . 1 Heat Transferred 740 | . . 740 Parts Sabotaged . | . . . Parts Stolen . | . . . Parts Stripped . | . . . Power Chain Reactions . | . . . Alert | -11 -10 -10 ------- Run | Yrd Mat Sub Maximum Alert Level 1 | . 1 . Low Security (%) 72 | 100 70 . Level 1 27 | . 29 . Level 2 . | . . . Level 3 . | . . . Level 4 . | . . . Level 5 . | . . . High Security . | . . . Max Security . | . . . Peak Influence 253 | . 253 . Initial . | . . . Average 138 | . 148 . Influence Increases 608 | . 438 170 Destroy 0b10 Robot/C 400 | . 240 160 Destroy 0b10 Robot/NC 25 | . 25 . Destroy Leader 76 | . 66 10 Successful Hack 20 | . 20 . Disable Machine 15 | . 15 . Destroy Structure 72 | . 72 . Influence Decreases 588 | . 314 274 Entered New Map 60 | . . 60 Time Decay 468 | . 314 154 Lost Part 60 | . . 60 Squads Dispatched 4 | . 4 . Investigation 2 | . 2 . Extermination . | . . . Reinforcement 2 | . 2 . Assault . | . . . Garrison . | . . . Intercept . | . . . Searches Triggered . | . . . Construction Impeded . | . . . Haulers Reinforced . | . . . Active Scanning Responses . | . . . Cargo Convoy Interrupts . | . . . Stealth | -11 -10 -10 --------- Run | Yrd Mat Sub Distress Signals . | . . . Communications Jammed . | . . . Distress Signals . | . . . Times Spotted 33 | . 16 17 Peak Tracking Total 5 | . 5 4 Tactical Retreats . | . . . Traps | -11 -10 -10 ------- Run | Yrd Mat Sub Traps Triggered 2 | . 2 . Indirectly . | . . . Trap Hack Attempts . | . . . Triggered . | . . . Disarmed . | . . . Reprogrammed . | . . . Reused . | . . . Traps Extracted . | . . . Installed . | . . . Triggered . | . . . Machines | -11 -10 -10 ---------- Run | Yrd Mat Sub Machines Disabled 1 | . 1 . Max in Single Turn 1 | . 1 . Machines Repaired . | . . . Machines Dismantled . | . . . Machines Sabotaged . | . . . Overloaded Fab Kills . | . . . Hacking | -11 -10 -10 --------- Run | Yrd Mat Sub Machines Accessed 7 | . 7 . Terminals 5 | . 5 . Fabricators . | . . . Repair Stations 1 | . 1 . Recycling Units 1 | . 1 . Scanalyzers . | . . . Garrison Access . | . . . Total Hacks 21 | . 21 . Successful 9 | . 9 . Failed 12 | . 12 . Catastrophic 2 | . 2 . Database Lockouts . | . . . Manual 1 | . 1 . Terminals 13 | . 13 . Fabricators . | . . . Repair Stations 5 | . 5 . Recycling Units 3 | . 3 . Scanalyzers . | . . . Garrison Access . | . . . Terminal Hacks 4 | . 4 . Branch Access Points 1 | . 1 . Terminal Index 1 | . 1 . Alert Level 1 | . 1 . Zone Layout 1 | . 1 . Fabricator Hacks . | . . . Repair Station Hacks 4 | . 4 . Scan Component 2 | . 2 . Repair 2 | . 2 . Recycling Unit Hacks 1 | . 1 . Report Inventory 1 | . 1 . Scanalyzer . | . . . Garrison Access Hacks . | . . . Unauthorized Hacks . | . . . Terminals . | . . . Fabricators . | . . . Repair Stations . | . . . Recycling Units . | . . . Scanalyzers . | . . . Garrison Access . | . . . Data Cores Recovered . | . . . Used . | . . . Hacking Detections 5 | . 5 . Full Trace Events 2 | . 2 . Feedback Events . | . . . Feedback Blocked . | . . . Robot Schematics Acquired . | . . . Robots Built . | . . . Authchips . | . . . Time . | . . . Total Robot Build Rating . | . . . Part Schematics Acquired . | . . . Parts Built . | . . . Authchips . | . . . Time . | . . . Total Part Build Rating . | . . . Part Studies Acquired . | . . . Parts Repaired 2 | . 2 . Time 52 | . 52 . Parts Recycled . | . . . Recycled Matter . | . . . Retrieved Matter . | . . . Retrieved Components . | . . . Parts Scanalyzed . | . . . Part Schematics Acquired . | . . . Parts Damaged . | . . . Bothacking | -11 -10 -10 ------------ Run | Yrd Mat Sub Used RIF Installer . | . . . Robots Hacked . | . . . Non-combat . | . . . Combat . | . . . Robot Hacks Applied . | . . . Relay Couplers Released . | . . . Fabnet Peak Effective % . | . . . Robots Rewired . | . . . Allies Hacked . | . . . Hacks Repelled . | . . . Allies | -11 -10 -10 -------- Run | Yrd Mat Sub Total Allies . | . . . Largest Group . | . . . Highest-Rated Group . | . . . Highest-Rated Ally . | . . . Total Orders . | . . . Ally Attacks . | . . . Total Damage . | . . . Kills . | . . . Allies Corrupted . | . . . Allies Melted . | . . . X0-1V1 Amusement Gains 7 | . 7 . Average Entertainment 2 | . 7 1 Good Acts 1 | . . 1 Bad Acts 3 | . . 3 Intel | -11 -10 -10 ------- Run | Yrd Mat Sub Active Infowar (turns) 1041 | . 702 339 Optics 280 | . . 280 Terrain 761 | . 702 59 Robot Analysis Total . | . . . Derelict Logs Recovered 2 | . . 2 Drone Launches . | . . . Drone Recoveries . | . . . Exploration | -11 -10 -10 ------------- Run | Yrd Mat Sub Turns Passed 1613 | 55 750 808 Spaces Moved 1257 | 36 581 640 Core 2 | 2 . . Treads . | . . . Legs . | . . . Wheels 1255 | 34 581 640 Hover . | . . . Flight . | . . . Fastest Speed 50 | 50 80 100 Average Speed 99 | 88 95 104 Slowest Speed 115 | 100 100 115 Overloaded Moves . | . . . Propulsion Burnouts . | . . . Robots Hopped . | . . . Potential Cave-ins . | . . . Cave-ins Triggered . | . . . Exploration Rate (%) 49 | 3 94 52 Regions Visited 2 Branch Regions 1 Pre-discovered Areas 1 | . . 1 Known Exits Taken 1 | . 1 . Unknown Exits Taken 1 | 1 . . Scrap Searched 7 | . . 7 Spaces Dug . | . . . Terrain Destroyed 84 | . 70 14 Melee . | . . . Projectile 2 | . . 2 AOE 82 | . 70 12 Terrain Rammed . | . . . Walls Destroyed . | . . . Machines Disabled . | . . . Actions | -11 -10 -10 --------- Run | Yrd Mat Sub Total 1518 | 53 747 718 Wait 122 | 5 108 9 Move 1255 | 35 580 640 Hop . | . . . Pick Up 29 | 5 14 10 Fast Attach 13 | 6 1 6 Attach 10 | . 3 7 Detach . | . . . Swap 8 | 1 7 . Drop 22 | . 15 7 Fire 59 | 1 19 39 Melee . | . . . Ram . | . . . Kick . | . . . Crush . | . . . Escape Stasis . | . . . Rewire . | . . . Trap . | . . . Miscellaneous . | . . . Route ------- -11/Scrapyard -10/Materials (discovered 5 exits: [*Mat x3] / *Min / *Sub) -10/Subcaves History --------- Turn | Location | Event 15 | -11/Scrapyard | Discovered new exit (range 15) 56 | -11/Scrapyard | Entered Materials 208 | -10/Materials | Discovered new exit (range 8) 292 | -10/Materials | Repaired Com. Wheel 312 | -10/Materials | Build established: Mutant 319 | -10/Materials | Repaired Com. Wheel 338 | -10/Materials | Identified exit to Mines 462 | -10/Materials | Discovered new exit (range 3) 606 | -10/Materials | Discovered new exit (range 4) 793 | -10/Materials | Discovered new exit (range 6) 799 | -10/Materials | Prayed at D.C.S.S. Altar Unit 799 | -10/Materials | Identified exit to Subcaves 806 | -10/Materials | Entered Subcaves 807 | -10/Subcaves | Approached by a straggling Scientist 810 | -10/Subcaves | Learned Materials stockpile data 836 | -10/Subcaves | A swath of the cavern ceiling suddenly collapsed 916 | -10/Subcaves | Disturbed a concealed Subdweller 966 | -10/Subcaves | Lost 3 parts (2p1w) 1041 | -10/Subcaves | Learned Materials terminal intel 1097 | -10/Subcaves | Energy capacity permanently improved by X0-1V1 (+200; -100 max core) 1167 | -10/Subcaves | Learned location of Zion (-7) 1167 | -10/Subcaves | Met a Zionite searching for "candidates" 1303 | -10/Subcaves | X0-1V1 sent hostile S-10 Pest (x3) 1570 | -10/Subcaves | Ambushed by Subdwellers from Twisted Machinery 1577 | -10/Subcaves | Core integrity fell below 50% 1579 | -10/Subcaves | Core integrity fell below 20% 1604 | -10/Subcaves | X0-1V1 sent hostile G-34 Mercenary (x3) 1614 | -10/Subcaves | Destroyed by G-34 Mercenary with Small Laser Last Messages --------------- X0-1V1: "Don't be shy now." Searching scrap... Found Sub. Beam Cannon. Found 48 Matter. NJ-PYU(R) emerges from the Twisted Machinery. Sub. Beam Cannon shoots sparks and powers down. Lgt. Ion Engine destroyed. Disposable Heat Sink melted. F5-021(R) destroyed. NJ-PYU(R) destroyed. Acquired Sub. Power Source. Dropped Broken Sub. Beam Cannon. Acquired Sub. Machine Gun. Acquired 20 matter. Acquired Sub. Monowheel. X0-1V1: "C'mon, do something!" G-34 Mercenary form resolidifies at new position. G-34 Mercenary destroyed. X0-1V1 bursts into laughter! Map ----- +----------------------------------------------------+ | ???????????????# #??##??# ### #????????## | | ???????????????## ###????# ## #?#?????## | | ????????????????## ##### ### #?????# | | ?????????????????# # ##?# #?????# | | ?????????????????## ######?? ??????# | | ??????????????????# ##????##? ??????# # | | ????????## ???### # ##???? ## ## ??????# ## | | ????????# ?????### ###? #?? ??????# ## | | ???????? ???????## ## ##?? ?????## # | | ?????????# #???????# ## ? ??????# | | ?????????# ???????# ## ######??# | | ?????????# ??????# #### ##?# ## | | ?????????# ?????### ### ## ###### | | ?????????# ????##;# #??# ##??? | | ????????????# ##### #????# ## #### | | ????????????# #??????### ### | | ????????????## ##?##?#??## ##?# | | ?????????????#### #??# #??# #?# | | ???????????????## ##?# ##?# ##?# | | ???????????????#; ### ### #??## | | ?????????????### ##??# | | ?????????????# g= ####### | | ?????????????## g%* ## #### | | ?????????????## =! ## ### #?? | | ?????????????# ] %& ### ## ###?? | | ?????????????# &%!## @ #??? #### ##???? | | ???????????# &"### ##???? #??# ## #????? | | ?????????# " ####?????? ??# #### ##???? | | ?????????## ###" #???????? ## ##?## #???? | | ??????????### ??## #?????????# ?### ##???? | | ????????????######????###?????????## #?# #???? | | ???????????????????????????????????##?## ##??? | | ?????????????????????????????????????## ##?? | | ????????????????????????????????????## ### | | ????????????????????????????????????# | | ??????????????????????????? ## | | ????????????????????????? ### | | ????????????????????????? # ##### | | ?????????????????????????? ??#####???# %] | | ?????????????????????????#?????????????# ## % | | ??????????????????????????????????????## = ###### | | ??????????????????????????????????????# #????? | | ??????????????????????????????????????#### #????? | | ?????????????????????????????????????????# ##???? | | ?????????????????????????????????????????## ###?? | | ??????????????????????????????????????????## ### | | ???????????????????????????????????????????## # | | ???????????????????????????????????????????## | | ??????????????????????????????????????# ## | | ?????????????????????????????????????# | +----------------------------------------------------+ Best States ------------- Heat Dissipation 25 Energy Generation 15 Energy Capacity 400 Matter Stores 300 Matter Capacity 300 Sight Range 21 Terrain Scan Range 14 Terrain Scan Density 10 Armor Coverage 150 Evasion (%) 44 Targeting Accuracy 5 Item Schematics ----------------- None Robot Schematics ------------------ None Fabricated ------------ Nothing Repaired ---------- Com. Wheel | 30% | -10/Materials Com. Wheel | 46% | -10/Materials Studied --------- None Alien Tech Used ----------------- None Achievements -------------- Backstab Ghost 'Em Challenges ------------ None Game ------ Seed CannonStrikeClaws Manual? 0 Play Time 00:22:42 Cumulative 7.6 hours Start 2026.08.30 @ 20:33:24 End 2026.08.30 @ 20:55:47 Sessions 1 Manual Loads 0 Difficulty Rogue Special Mode None Game No. 15 Rogue 15 Adventurer 0 Explorer 0 Win Type - Total 0 Types 0/0/0/0/0/0/0/0/0/0 Lore% 17 Gallery% 11 Achievement% 12 Wizard Run 0 Options --------- Layout 1 ASCII 0 Keyboard 0 Movement Numpad Keybinds 0 Fullscreen 2 Font 24/X11 Map View 50x35 Zoom Use 0% Tactical HUD 0 Map Filters NONE Filters NONE Steam 1 RUN: d2c51b17-264e-4c76-81e9-834aabdd6234